 Dungeon Crawl Stone Soup version 0.31-a0-369-g8eba5f6939 (webtiles) character file.

Game seed: 1173364192184061665

536 floatRand the Ruffian (level 7, -2/52 HPs)
             Began as a Purple Draconian Shapeshifter on July 28, 2023.
             Was an Initiate of Ru.
             Slain by a gnoll
             ... wielding a +1 spear of venom
             ... led by a gnoll bouda
              (4 damage)
             ... on level 5 of the Dungeon.
             The game lasted 00:04:10 (3443 turns).

floatRand the Ruffian (DrSh)                        Turns: 3443, Time: 00:04:10

Health: -2/52      AC:  6    Str: 19    XL:     7   Next: 4%
Magic:  16/16      EV: 12    Int:  9    God:    Ru [......]
Gold:   165        SH:  0    Dex: 11    Spells: 6/6 levels left

rFire   . .          .
                       - Unarmed
rCold   . . .        (no shield)
rNeg    . . .        (body armour unavailable)
rPois   .            (helmet currently unavailable)
rElec   .            (cloak currently unavailable)
rCorr   .            (gloves currently unavailable)
SInv    .            (boots currently unavailable)
Will    ++...        (no amulet)
Stlth   +            d - ring of flight
HPRegen 0.28/turn    o - ring of magical power
MPRegen 0.15/turn

%: no passive effects
@: lethally poisoned (-2 -> -10), beast-form, enlightened, flying
A: beast (slay +3), breathe power, AC +6, unfitting armour, cold-blooded
a: Breathe Dispelling Energy, Begin Untransformation, Renounce Religion


You were on level 5 of the Dungeon.
You worshipped Ru.
Ru was noncommittal.
You were a hulking beast.
You visited 2 branches of the dungeon, and saw 6 of its levels.

You collected 165 gold pieces.

Inventory:

Armour
 r - a +0 pair of boots
Jewellery
 d - a ring of flight (left hand)
 o - a ring of magical power (right hand)
Talismans
 b - a beast talisman
Wands
 a - a wand of roots (6)
 t - a wand of flame (1)
Scrolls
 e - a scroll of revelation {unknown}
 f - a scroll of torment {unknown}
 g - 2 scrolls of teleportation {unknown}
 h - a scroll of noise {unknown}
 i - a scroll of blinking {unknown}
 k - a scroll of acquirement {unknown}
 l - a scroll of poison {unknown}
 n - a scroll of enchant weapon {unknown}
 s - a scroll of vulnerability {unknown}
 v - a scroll of fear {unknown}
Potions
 c - a potion of ambrosia
 j - a potion of berserk rage
 m - 2 potions of might {unknown}
 p - 2 potions of enlightenment
 q - 2 potions of heal wounds {unknown}
 u - a potion of curing {unknown}


   Skills:
 - Level 1.1 Fighting
 - Level 1.7 Dodging
 * Level 6.8 Unarmed Combat
 + Level 4.6 Shapeshifting


You had 6 spell levels left.
You didn't know any spells.
Your spell library contained the following spells:

 Spells                   Type           Power      Damage    Failure   Level
 Lesser Beckoning         Tloc           0%         N/A       52%         2
 Gell's Gravitas          Tloc           0%         N/A       77%         3
 Teleport Other           Tloc           0%         N/A       77%         3


Dungeon Overview and Level Annotations

Branches:
Dungeon (5/15)             Temple (1/1) D:4

Altars:
Ashenzari
Cheibriados
Dithmenos
Elyvilon
Fedhas
Gozag
Hepliaklqana
Kikubaaqudgha
Makhleb
Nemelex Xobeh
Okawaru
Qazlal
Ru
Sif Muna
Trog
Vehumet
Xom
Yredelemnul
Zin
The Shining One


Innate Abilities, Weirdness & Mutations

You are a hulking beast.
Your limbs bulge with bestial killing power. (Slay +3)
You can breathe bolts of dispelling energy.
Your rich purple scales are hard. (AC +6)
You cannot fit into any form of body armour.
You are cold-blooded and may be slowed by cold attacks.


Message History

You rip the net and break free!
The gnoll barely misses you.
The gnoll bouda hits you but does no damage.
Unknown command.
The gnoll closely misses you.
You see here a +0 club.
The gnoll throws a throwing net.
The throwing net hits you.
You become entangled in the net!
Things that are here:
a throwing net; a +0 hand axe; an adder corpse You struggle against the net.
The gnoll is no longer moving quickly.
The gnoll hits you from afar with a +0 halberd.
The gnoll bouda hits you with a +0 club!
* * * LOW HITPOINT WARNING * * *
You can't go up here!
You struggle against the net.
The gnoll hits you from afar with a +0 halberd.
* * * LOW HITPOINT WARNING * * *
The gnoll bouda hits you with a +0 club.
* * * LOW HITPOINT WARNING * * *
Unknown command.
Unknown command.
You struggle against the net.
The gnoll is no longer moving quickly.
The gnoll hits you but does no damage.
You are poisoned.
The gnoll barely misses you. The gnoll bouda completely misses you.
Unknown command.
Unknown command.
You shred the net and break free!
You feel sick.
The gnoll hits you from afar with a +1 spear of venom.
* * * LOW HITPOINT WARNING * * *
You are lethally poisoned!
The gnoll hits you but does no damage.
The gnoll bouda hits you with a +0 club.
* * * LOW HITPOINT WARNING * * *
It was a potion of enlightenment.
You feel more buoyant.
* * * LOW HITPOINT WARNING * * *
You feel very sick.
The gnoll hits you from afar with a +1 spear of venom.
You die...

### ####### .....
......#
......#######.......
.............>......
#..................
#..................
........ggh<.......
######....g.).....###
..................#
...............####
.......)..........
..........#........
...#................
....................
....?..........####.


You could see a gnoll bouda and 2 gnolls.

Vanquished Creatures
  An ogre (D:4)
  A black bear (D:4)
  A phantom (D:4)
  A crimson imp (D:3)
  An orc priest (D:5)
  A sleepcap (D:4)
  Ijyb (D:2)
  A gnoll (D:5)
  6 adders
  2 worms
  A dart slug (D:3)
  11 orcs
  8 ball pythons
  A bat (D:2)
  5 endoplasms
  5 giant cockroaches
  9 goblins
  5 hobgoblins
  12 jackals
  9 kobolds
  3 quokkas
  A frilled lizard (D:3)
  6 rats
92 creatures vanquished.

Notes
Turn   | Place    | Note
-------+----------+-------------------------------------------
     0 | D:1      | floatRand the Draconian Shapeshifter began the quest for
                  | the Orb.
     0 | D:1      | Reached XP level 1. HP: 16/16 MP: 1/1
   184 | D:1      | Reached XP level 2. HP: 23/23 MP: 2/2
   370 | D:1      | Found a faded altar of an unknown god.
   550 | D:2      | Reached XP level 3. HP: 24/28 MP: 3/3
   713 | D:2      | Reached skill level 4 in Unarmed Combat
   803 | D:2      | Noticed Ijyb
   833 | D:2      | Killed Ijyb
   834 | D:2      | Reached XP level 4. HP: 8/35 MP: 4/4
  1570 | D:3      | Found a radiant altar of Vehumet.
  1571 | D:3      | Found a burning altar of Makhleb.
  1579 | D:3      | Reached skill level 5 in Unarmed Combat
  1579 | D:3      | Reached XP level 5. HP: 18/40 MP: 5/5
  2050 | D:4      | Found a staircase to the Ecumenical Temple.
  2133 | D:4      | Noticed an ogre
  2158 | Temple   | Entered the Ecumenical Temple
  2163 | Temple   | Became a worshipper of Ru the Awakened
  2172 | D:4      | HP: 1/40 [ogre/+0 giant club (26)]
  2173 | D:4      | Killed an ogre
  2338 | D:4      | Noticed a black bear
  2348 | D:4      | Killed a black bear
  2349 | D:4      | Reached skill level 6 in Unarmed Combat
  2349 | D:4      | Reached XP level 6. HP: 26/47 MP: 6/6
  2567 | D:4      | Found a stormy altar of Qazlal.
  2584 | D:4      | HP: 1/47 [sleepcap (4)]
  3404 | D:5      | Entered Level 5 of the Dungeon
  3425 | D:5      | Your scales start taking on a rich purple colour.
  3425 | D:5      | Reached XP level 7. HP: 46/52 MP: 7/7
  3443 | D:5      | HP: 2/52 [poisoned by a gnoll]
  3443 | D:5      | Slain by a gnoll

Illustrated notes

Levels and vault maps discovered:
D:1:      nzn_arrival_crosshair, layout_basic, basic_ecumenical_altar
D:2:      kennysheep_the_goblin_king, layout_basic, minmay_misc_feat_five,
          minmay_pentomino_t4
D:3:      layout_basic, grunt_temple_overflow_lords_of_destruction
D:4:      layout_loops_corners, nicolae_qazlal_general_emergency,
          minmay_temple_entry_mini_moons, hangedman_decor_peaks_small
D:5:      layout_basic, serial_shops, nicolae_shop_window_shopping,
          kennysheep_cross_room
Temple:   sentei_temple_godly_chess

Skill      XL: |  1  2  3  4  5 |
---------------+----------------+-----
Unarmed Combat | 4 5 6 |  6.8
Shapeshifting  | 4 |  4.6
Fighting       | |  1.1
Dodging        | |  1.7

Action                     |  1- 3 |  4- 6 |  7- 9 || total
---------------------------+-------+-------+-------++-------
  Melee: Unarmed           |    85 |   146 |     2 ||   233
         Tailslap          |     6 |    20 |       ||    26
         Punch             |     1 |     3 |       ||     4
    Use: Potion            |     1 |       |     1 ||     2
         Scroll            |       |     2 |       ||     2
   Stab: Sleeping          |       |     4 |       ||     4
 Armour: Skin              |    26 |    46 |     4 ||    76
  Dodge: Dodged            |    41 |   101 |     6 ||   148

Table legend: (Time is in decaauts)
 A = Elapsed time spent in this place.
 B = Non-inter-level travel time spent in this place.
 C = Inter-level travel time spent in this place.
 D = Time resting spent in this place.
 E = Time spent auto-exploring this place.
 F = Levels seen in this place.
 G = Mean time per level.
                   A        B        C        D        E       F      G
               +--------+--------+--------+--------+--------+-----+--------+
         Total |   3420 |   3328 |     92 |    490 |   2188 |   6 |  570.0 |
       Dungeon |   3411 |   3319 |     92 |    490 |   2188 |   5 |  682.2 |
        Temple |      9 |      9 |      0 |      0 |      0 |   1 |    9.0 |
               +--------+--------+--------+--------+--------+-----+--------+

Top non-repeatable levels by time:
     D:4: 1354 daAuts
     D:3: 872 daAuts
     D:2: 637 daAuts
     D:1: 509 daAuts
     D:5: 37 daAuts
  Temple: 9 daAuts
